AoeStats
← 海峡

Four Lakes

507464283Analyzed
1v1 RM · 15d ago on Sep 18, 2026· 22m 52s· 2 players
Game mode
Random Map
Map size
Tiny (2 player)
Population
200
Speed
Normal
Resources
Standard
Victory
Conquest
Starting age
Dark Age
Ending age
Imperial Age
RankedLock teamsTeams togetherTeam positionsShared explorationLock speedFull tech treeHidden civsTurbo modeCheats
Victory
Defeat
🇨🇳 Inca · China
1695
+20
🇦🇷 Mongols · Argentina
1795
-20
海峡
7:58 Loom
13:47 Feudal Age
14:21 Double-Bit Axe
14:50 Fishing Lines
18:09 Castle Age
16:04 Gold Mining
15:39 Champi Runner
16:32 Scale Mail Armor
17:33 Forging
18:10 Champi Warrior
19:27 Iron Casting
19:43 Bow Saw
20:20 Arson
MiE_Windshield Viper
6:28 Loom
8:35 Feudal Age
9:22 Double-Bit Axe
15:19 Gold Mining
20:04 Castle Age
17:59 Fishing Lines
18:53 Bloodlines
19:34 Scale Barding Armor
20:21 Forging
21:17 Chain Barding Armor
21:21 Medium Warships
Connection lost

Rejoining the realm…

Still unreachable

The connection could not be restored.

Session expired

The server has moved on; the page needs a fresh start.